cohdb
Replays
Latest Replays
All Replays
Popular Replays
Top Player Replays
Match Explorer
How It Works
Community
CoH3 Stats
Reddit
Sign in to upload your games and track your stats! →
Sign in with Steam
Match 41222949
Unlisted
Match 41222949
Overview
Messages
Build Orders
End
Selects Italian Combined Arms Battlegroup
Selects Bersaglieri Squad
Bersaglieri Squad
250 Light Carrier
Bersaglieri Squad
Bersaglieri Squad
Selects Bersaglieri Bolster
Construct Light Support Kompanie
2.5-tonne Medical Truck
Selects Breda Model 30 Light Machine Guns
Construct Mechanized Kompanie
Panzerjäger Mechanized Group
Support Armor Elements
Selects Semovente da 75/18 Assault Gun
Semovente da 75/18 Assault Gun
Bersaglieri Squad
Bersaglieri Squad
Selects Strafing Run
StuG III D Assault Gun
Strafing Run
Bersaglieri Squad
Strafing Run
Strafing Run
Construct Panzerarmee Kommand
Bersaglieri Squad
Selects Artillery Cover
Artillery Cover
Veteran Squad Leaders
Walking Stuka Rocket Launcher
Strafing Run
SILENCE
DDONGGAM Professional
GrilledPotato
lemon
TidaL
IncredibleDulk
RoseCoupe
THA KNUCKLA
0
0
Comments
sign in to comment!
No comments posted yet!